Bruins vs Blues
(R1)
Created - November 19, 2024 at 19:36
Goals
|
Bruins |
0 |
0 |
2 |
2 |
Blues |
1 |
0 |
2 |
3 |
|
Shots
|
Bruins |
6 |
6 |
8 |
20 |
Blues |
8 |
4 |
16 |
28 |
|
1st period
1. Blues , Filip Forsberg 10 (Nathan MacKinnon 10) at 3:13
Penalties :
David Perron (Stl) for Hooking (Minor) at 7:00, Josh Morrissey (Stl) for Goalie Interference (Minor) at 13:32, Nikolaj Ehlers (Stl) for Tripping (Minor) at 16:36
2nd period
No Goal
Penalties :
Jason Demers (Bos) for Holding (Minor) at 3:52, Jonathan Toews (Bos) for Tripping (Minor) at 10:51, Nathan MacKinnon (Stl) for Hooking (Minor) at 17:51
3rd period
2. Blues , Nikolaj Ehlers 4 (Filip Forsberg 14, Nathan MacKinnon 11) at 0:10
3. Bruins , Casey Cizikas 3 (Eric Wellwood 3) at 1:23
4. Bruins , Wojtek Wolski 7 (Mark Stone 4, Alexander Wennberg 5) at 13:30 (PP)
5. Blues , Drew Shore 1 (Dominik Simon 1) at 14:26
Penalties :
Torey Krug (Bos) for Interference (Minor) at 1:32, Travis Sanheim (Stl) for Holding (Minor) at 12:34
Goalie Stats
Kevin Poulin (Bos), 25 saves from 28 shots - (0.893), L, 5-4-3, 59:45 minutes
Carey Price (Stl), 18 saves from 20 shots - (0.900), W, 7-3-0, 60:00 minutes
Players Stats for Bruins
Player Name G A P +/- PIM S H SB GA TA FO MP PP MP PK MP
------------------------------------------------------------------------------------
Adam Pelech 0 0 0 0 0 0 1 0 0 1 0/0 9:45 0:00 0:15
Alexander Wennberg 0 1 1 0 0 1 1 0 1 0 2/8 18:12 3:46 1:49
Andreas Athanasiou 0 0 0 0 0 2 0 2 0 0 1/1 13:43 0:00 1:26
Brett Pesce 0 0 0 0 0 0 0 1 0 0 0/0 3:07 0:00 0:15
Casey Cizikas 1 0 1 0 0 3 2 0 1 0 4/4 12:03 0:00 0:00
Eric Wellwood 0 1 1 0 0 0 2 2 0 0 0/1 13:16 0:03 0:52
Gabriel Landeskog 0 0 0 -2 0 2 2 0 1 0 2/5 26:35 5:03 3:26
Jason Demers 0 0 0 -2 2 2 3 1 2 0 0/0 27:58 6:05 2:18
John Quenneville 0 0 0 0 0 0 1 0 0 0 0/0 5:32 0:00 0:00
Jonathan Toews 0 0 0 -2 2 0 1 1 1 2 9/30 21:47 5:06 1:04
Josh Manson 0 0 0 0 0 0 0 1 0 1 0/0 21:36 2:47 2:39
Madison Bowey 0 0 0 -2 0 1 0 1 1 0 0/0 25:52 6:05 3:03
Mark Stone 0 1 1 0 0 3 1 0 0 0 2/2 16:37 3:46 0:00
Mattias Ekholm 0 0 0 0 0 0 0 0 0 0 0/0 11:00 0:00 1:35
Torey Krug 0 0 0 0 2 1 1 1 0 2 0/0 20:54 2:47 1:49
Wojtek Wolski 1 0 1 0 0 4 3 0 0 0 0/0 16:23 3:46 0:00
Zack Kassian 0 0 0 -2 0 1 1 0 0 1 0/2 24:08 5:06 3:17
Zemgus Girgensons 0 0 0 0 0 0 0 0 0 0 0/0 5:32 0:00 0:00
Players Stats for Blues
Player Name G A P +/- PIM S H SB GA TA FO MP PP MP PK MP
------------------------------------------------------------------------------------
Adam Henrique 0 0 0 0 0 2 1 0 0 0 2/5 11:28 3:00 0:12
Brandon Montour 0 0 0 0 0 1 1 1 0 0 0/0 21:52 0:00 5:22
Cody Ceci 0 0 0 1 0 0 4 1 1 1 0/0 24:39 0:00 5:51
David Perron 0 0 0 0 2 1 1 0 0 0 0/0 11:42 3:00 0:29
Devin Shore 0 0 0 0 0 1 2 0 1 1 4/9 14:38 0:00 2:44
Dominik Simon 0 1 1 1 0 0 1 0 0 0 0/1 8:01 0:00 0:05
Drew Shore 1 0 1 1 0 3 2 1 0 0 8/12 14:21 0:00 5:11
Ethan Bear 0 0 0 1 0 1 3 0 1 0 0/0 14:17 3:31 0:00
Filip Forsberg 1 1 2 1 0 5 1 0 1 0 0/1 19:44 2:57 0:56
Jordan Kyrou 0 0 0 1 0 2 1 0 1 1 0/0 7:55 0:00 0:00
Josh Morrissey 0 0 0 0 2 1 1 0 0 1 0/0 20:44 2:26 1:56
Jujhar Khaira 0 0 0 0 0 1 3 0 0 0 0/0 13:00 0:00 0:00
Nathan MacKinnon 0 2 2 1 2 3 1 2 0 0 17/22 18:53 2:57 0:00
Nick Schmaltz 0 0 0 0 0 0 1 0 1 1 0/0 13:58 0:00 5:23
Nikolaj Ehlers 1 0 1 1 2 5 0 0 0 0 2/3 18:38 3:00 0:00
Seth Jones 0 0 0 1 0 2 1 1 1 1 0/0 24:09 3:31 3:01
Teuvo Teravainen 0 0 0 0 0 0 1 1 0 1 0/0 18:45 2:57 2:44
Travis Sanheim 0 0 0 1 2 0 0 0 0 0 0/0 14:19 2:26 1:34
3 Stars
1 - Filip Forsberg (Stl)
2 - Drew Shore (Stl)
3 - Wojtek Wolski (Bos)
Power Play
Bruins - 1 on 5 Attempt(s) - 20.00%
Blues - 0 on 3 Attempt(s) - 0.00%
Penalty Kill
Bruins - 3 on 3 Attempt(s) - 100.00%
- Score 0 goal in Penalty Kill
Blues - 4 on 5 Attempt(s) - 80.00%
- Score 0 goal in Penalty Kill
Team Stat
Bruins - Hits : 19 - Faceoff Wins : 20 - Blocked Shots : 10 - Penalty Minutes : 6
Blues - Hits : 25 - Faceoff Wins : 33 - Blocked Shots : 7 - Penalty Minutes : 10
Official
Referees : Tim Peel and Kendrick Nicholson
Linesman : Libor Suchanek and Tony Sericolo
Game Notes
0:10 of 3rd period - Blues goal is going for a video replay. After video review, Goal.
Finance
Level 1 -- Attendance: 6000 (100.00%) -- Ticket Income $600,000
Level 2 -- Attendance: 5000 (100.00%) -- Ticket Income $350,000
Level 3 -- Attendance: 2000 (100.00%) -- Ticket Income $80,000
Level 4 -- Attendance: 4000 (100.00%) -- Ticket Income $120,000
Luxury Box -- Attendance: 1000 (100.00%) -- Ticket Income $200,000
Game was played at the Enterprise Center.
Total Attendance: 18000 (100.00%)
Total Ticket Income: $1,350,000
Other Income: $202,500
Total Income: $1,552,500
Bruins
5 vs 5 Forward
Center Left Wing Right Wing Time % Phy DF OF
1 Jonathan Toews Gabriel Landeskog Zack Kassian 40 1 2 2
2 Alexander Wennberg Wojtek Wolski Mark Stone 30 1 2 2
3 Casey Cizikas Eric Wellwood Andreas Athanasiou 20 1 2 2
4 John Quenneville Zemgus Girgensons Gabriel Landeskog 10 1 2 2
5 vs 5 Defense
Defense Defense Time % Phy DF OF
1 Jason Demers Madison Bowey 40 1 2 2
2 Torey Krug Josh Manson 30 1 2 2
3 Adam Pelech Mattias Ekholm 20 1 2 2
4 Brett Pesce Jason Demers 10 1 2 2
PowerPlay Forward
Center Left Wing Right Wing Time % Phy DF OF
1 Jonathan Toews Gabriel Landeskog Zack Kassian 60 1 2 2
2 Alexander Wennberg Wojtek Wolski Mark Stone 40 1 2 2
PowerPlay Defense
Defense Defense Time % Phy DF OF
1 Jason Demers Madison Bowey 60 1 2 2
2 Torey Krug Josh Manson 40 1 2 2
Penalty Kill 4 Players Forward
Center Wing Time % Phy DF OF
1 Gabriel Landeskog Zack Kassian 60 1 2 2
2 Jonathan Toews Alexander Wennberg 40 1 2 2
Penalty Kill 4 Players Defense
Defense Defense Time % Phy DF OF
1 Jason Demers Madison Bowey 60 1 2 2
2 Torey Krug Josh Manson 40 1 2 2
Penalty Kill - 3 Players Forward
Forward Time % Phy DF OF
1 Gabriel Landeskog 60 1 2 2
2 Zack Kassian 40 1 2 2
Penalty Kill - 3 Players Defense
Defense Defense Time % Phy DF OF
1 Jason Demers Madison Bowey 60 1 2 2
2 Torey Krug Josh Manson 40 1 2 2
4 vs 4 Forward
Center Wing Time % Phy DF OF
1 Gabriel Landeskog Zack Kassian 60 1 2 2
2 Jonathan Toews Alexander Wennberg 40 1 2 2
4 vs 4 Defense
Defense Defense Time % Phy DF OF
1 Jason Demers Madison Bowey 60 1 2 2
2 Torey Krug Josh Manson 40 1 2 2
Last Minutes Offensive
Center Left Wing Right Wing Defense Defense
Jonathan Toews Gabriel Landeskog Zack Kassian Jason Demers Madison Bowey
Last Minutes Defensive
Center Left Wing Right Wing Defense Defense
Jonathan Toews Gabriel Landeskog Zack Kassian Jason Demers Madison Bowey
Goaltenders
Starting : Kevin Poulin
Backup : Tuukka Rask
Extra Forwards
Normal : Eric Wellwood, Casey Cizikas, Andreas Athanasiou - PP : Eric Wellwood, Casey Cizikas - PK : Andreas Athanasiou
Extra Defensemen
Normal : Adam Pelech, Mattias Ekholm, Brett Pesce - PP : Adam Pelech - PK : Mattias Ekholm, Brett Pesce
Penalty Shots
Gabriel Landeskog, Zack Kassian, Jonathan Toews, Alexander Wennberg, Wojtek Wolski
Custom OT Lines Forwards
Gabriel Landeskog, Zack Kassian, Jonathan Toews, Alexander Wennberg, Wojtek Wolski, Mark Stone, Eric Wellwood, Casey Cizikas, Andreas Athanasiou, Zemgus Girgensons
Custom OT Lines Defensemen
Jason Demers, Madison Bowey, Torey Krug, Josh Manson, Adam Pelech
Scratches
Craig Smith (Sprained Right Finger Injury), Walker Duehr (Healthy)
Blues
5 vs 5 Forward
Center Left Wing Right Wing Time % Phy DF OF
1 Nathan MacKinnon Filip Forsberg Nikolaj Ehlers 40 0 2 3
2 Devin Shore Jujhar Khaira Teuvo Teravainen 30 0 2 3
3 Adam Henrique David Perron Nick Schmaltz 20 1 2 2
4 Drew Shore Dominik Simon Jordan Kyrou 10 0 3 2
5 vs 5 Defense
Defense Defense Time % Phy DF OF
1 Seth Jones Cody Ceci 40 1 2 2
2 Josh Morrissey Brandon Montour 30 1 2 2
3 Ethan Bear Travis Sanheim 20 1 2 2
4 Josh Morrissey Cody Ceci 10 1 2 2
PowerPlay Forward
Center Left Wing Right Wing Time % Phy DF OF
1 Nathan MacKinnon Filip Forsberg Teuvo Teravainen 60 0 2 3
2 Adam Henrique David Perron Nikolaj Ehlers 40 0 2 3
PowerPlay Defense
Defense Defense Time % Phy DF OF
1 Seth Jones Ethan Bear 60 0 2 3
2 Josh Morrissey Travis Sanheim 40 0 2 3
Penalty Kill 4 Players Forward
Center Wing Time % Phy DF OF
1 Drew Shore Nick Schmaltz 60 1 3 1
2 Devin Shore Teuvo Teravainen 40 1 3 1
Penalty Kill 4 Players Defense
Defense Defense Time % Phy DF OF
1 Brandon Montour Cody Ceci 60 1 2 2
2 Josh Morrissey Seth Jones 40 1 2 2
Penalty Kill - 3 Players Forward
Forward Time % Phy DF OF
1 Drew Shore 60 1 2 2
2 Devin Shore 40 1 2 2
Penalty Kill - 3 Players Defense
Defense Defense Time % Phy DF OF
1 Cody Ceci Brandon Montour 60 1 2 2
2 Seth Jones Josh Morrissey 40 1 2 2
4 vs 4 Forward
Center Wing Time % Phy DF OF
1 Nathan MacKinnon Filip Forsberg 60 1 2 2
2 Devin Shore Nikolaj Ehlers 40 1 2 2
4 vs 4 Defense
Defense Defense Time % Phy DF OF
1 Seth Jones Brandon Montour 60 1 2 2
2 Cody Ceci Josh Morrissey 40 1 2 2
Last Minutes Offensive
Center Left Wing Right Wing Defense Defense
Nathan MacKinnon Filip Forsberg Nikolaj Ehlers Seth Jones Travis Sanheim
Last Minutes Defensive
Center Left Wing Right Wing Defense Defense
Drew Shore Jujhar Khaira Teuvo Teravainen Brandon Montour Cody Ceci
Goaltenders
Starting : Carey Price
Backup : Jake Oettinger
Extra Forwards
Normal : Jordan Kyrou, Nikolaj Ehlers, Drew Shore - PP : David Perron, Teuvo Teravainen - PK : Filip Forsberg
Extra Defensemen
Normal : Cody Ceci, Travis Sanheim, Seth Jones - PP : Cody Ceci - PK : Seth Jones, Travis Sanheim
Penalty Shots
Jordan Kyrou, David Perron, Filip Forsberg, Teuvo Teravainen, Devin Shore
Custom OT Lines Forwards
Filip Forsberg, Nathan MacKinnon, Teuvo Teravainen, Nikolaj Ehlers, David Perron, Devin Shore, Adam Henrique, Jujhar Khaira, Drew Shore, Nick Schmaltz
Custom OT Lines Defensemen
Seth Jones, Josh Morrissey, Brandon Montour, Travis Sanheim, Cody Ceci
Scratches
Petter Granberg (Healthy), Luke Glendening (Healthy)
% Time on Ice - Bruins
Lines # - Real PCT - Wanted PCT - Time Play
Normal Forward
1 - 36% - 40% - 15:52
2 - 29% - 30% - 12:37
3 - 23% - 20% - 9:58
4 - 13% - 10% - 5:32
Normal Defense
1 - 36% - 40% - 15:47
2 - 37% - 30% - 16:10
3 - 21% - 20% - 9:15
4 - 6% - 10% - 2:47
PP Forward
1 - 58% - 60% - 5:06
2 - 42% - 40% - 3:46
PP Defense
1 - 69% - 60% - 6:05
2 - 31% - 40% - 2:47
PK Forward
1 - 75% - 60% - 4:29
2 - 25% - 40% - 1:28
PK Defense
1 - 55% - 60% - 3:18
2 - 45% - 40% - 2:39
PK3 Forward
1 - 0% - 60%
2 - 0% - 40%
PK3 Defense
1 - 0% - 60%
2 - 0% - 40%
44 Forward
1 - 0% - 60%
2 - 0% - 40%
44 Defense
1 - 0% - 60%
2 - 0% - 40%
Last Minute Offensive - 1:12
Last Minute Defensive - 0:00
Total
Forward - 60:00
Defense - 60:00
|
% Time on Ice - Blues
Lines # - Real PCT - Wanted PCT - Time Play
Normal Forward
1 - 36% - 40% - 15:54
2 - 27% - 30% - 11:56
3 - 19% - 20% - 8:11
4 - 18% - 10% - 7:55
Normal Defense
1 - 40% - 40% - 17:43
2 - 35% - 30% - 15:29
3 - 21% - 20% - 9:04
4 - 4% - 10% - 1:40
PP Forward
1 - 50% - 60% - 2:57
2 - 50% - 40% - 3:00
PP Defense
1 - 59% - 60% - 3:31
2 - 41% - 40% - 2:26
PK Forward
1 - 69% - 60% - 6:08
2 - 31% - 40% - 2:44
PK Defense
1 - 66% - 60% - 5:51
2 - 34% - 40% - 3:01
PK3 Forward
1 - 0% - 60%
2 - 0% - 40%
PK3 Defense
1 - 0% - 60%
2 - 0% - 40%
44 Forward
1 - 0% - 60%
2 - 0% - 40%
44 Defense
1 - 0% - 60%
2 - 0% - 40%
Last Minute Offensive - 0:00
Last Minute Defensive - 1:15
Total
Forward - 60:00
Defense - 60:00
|
Play-by-Play
1st period
0:01 of 1st period - Nathan MacKinnon wins face-off versus Jonathan Toews in neutral zone.
0:04 of 1st period - Madison Bowey is hit by Nathan MacKinnon and loses puck.
0:11 of 1st period - Seth Jones is hit by Gabriel Landeskog and loses puck.
0:51 of 1st period - David Perron is hit by Torey Krug and loses puck.
1:20 of 1st period - Wrist shot by Jordan Kyrou.
1:20 of 1st period - Stopped by Kevin Poulin with a rebound.
1:58 of 1st period - Slapshot by Nikolaj Ehlers.
1:58 of 1st period - Stopped by Kevin Poulin with a rebound.
2:26 of 1st period - Icing by David Perron.
2:27 of 1st period - Adam Henrique wins face-off versus Jonathan Toews in Blues zone.
2:59 of 1st period - Jujhar Khaira is hit by Jason Demers and loses puck.
3:06 of 1st period - Mark Stone is hit by Devin Shore.
3:07 of 1st period - Icing by Mark Stone.
3:08 of 1st period - Nikolaj Ehlers wins face-off versus Alexander Wennberg in Bruins zone.
3:09 of 1st period - Snap shot by Filip Forsberg.
3:09 of 1st period - Stopped by Kevin Poulin without a rebound.
3:10 of 1st period - Nathan MacKinnon wins face-off versus Jonathan Toews in Bruins zone.
3:13 of 1st period - Snap shot by Filip Forsberg.
3:13 of 1st period - Goal by Filip Forsberg - Bruins : 0 - Blues : 1.
3:14 of 1st period - Jonathan Toews wins face-off versus Nathan MacKinnon in neutral zone.
3:31 of 1st period - Snap shot by Nikolaj Ehlers.
3:31 of 1st period - Shot Misses the Net.
4:23 of 1st period - Nikolaj Ehlers is hit by Zack Kassian and loses puck.
5:07 of 1st period - Snap shot by Gabriel Landeskog.
5:07 of 1st period - Stopped by Carey Price without a rebound.
5:08 of 1st period - Casey Cizikas wins face-off versus Devin Shore in Blues zone.
5:43 of 1st period - Snap shot by Adam Henrique.
5:43 of 1st period - Shot Misses the Net.
5:55 of 1st period - Snap shot by David Perron.
5:55 of 1st period - Shot Blocked by Andreas Athanasiou.
6:05 of 1st period - Wrist shot by Jordan Kyrou.
6:05 of 1st period - Stopped by Kevin Poulin with a rebound.
6:33 of 1st period - Slapshot by Andreas Athanasiou.
6:33 of 1st period - Stopped by Carey Price with a rebound.
6:41 of 1st period - Slapshot by Andreas Athanasiou.
6:41 of 1st period - Shot Misses the Net.
6:43 of 1st period - Slapshot by Andreas Athanasiou.
6:43 of 1st period - Shot Misses the Net.
6:45 of 1st period - Wrist shot by Andreas Athanasiou.
6:45 of 1st period - Stopped by Carey Price without a rebound.
6:46 of 1st period - Mark Stone wins face-off versus Adam Henrique in Blues zone.
6:57 of 1st period - Snap shot by Alexander Wennberg.
6:57 of 1st period - Stopped by Carey Price without a rebound.
6:58 of 1st period - Adam Henrique wins face-off versus Alexander Wennberg in Blues zone.
7:00 of 1st period - Minor Penalty to David Perron for Hooking.
7:01 of 1st period - Jonathan Toews wins face-off versus Drew Shore in Blues zone.
7:57 of 1st period - Nick Schmaltz is hit by Jason Demers and loses puck.
8:08 of 1st period - Slapshot by Seth Jones.
8:08 of 1st period - Stopped by Kevin Poulin without a rebound.
8:09 of 1st period - Devin Shore wins face-off versus Alexander Wennberg in Bruins zone.
9:00 of 1st period - Penalty to David Perron is over, David Perron is back on ice.
9:13 of 1st period - Snap shot by Casey Cizikas.
9:13 of 1st period - Shot Misses the Net.
10:17 of 1st period - Gabriel Landeskog is hit by Cody Ceci.
10:37 of 1st period - Teuvo Teravainen is hit by Eric Wellwood and loses puck.
11:30 of 1st period - Slapshot by Torey Krug.
11:30 of 1st period - Shot Misses the Net.
11:32 of 1st period - Snap shot by Torey Krug.
11:32 of 1st period - Stopped by Carey Price without a rebound.
11:33 of 1st period - Devin Shore wins face-off versus Jonathan Toews in Blues zone.
11:33 of 1st period - Devin Shore is hit by Eric Wellwood.
11:59 of 1st period - Nikolaj Ehlers is hit by Wojtek Wolski and loses puck.
12:20 of 1st period - Wrist shot by Adam Henrique.
12:20 of 1st period - Stopped by Kevin Poulin without a rebound.
12:21 of 1st period - Casey Cizikas wins face-off versus Adam Henrique in Bruins zone.
12:33 of 1st period - Snap shot by Adam Henrique.
12:33 of 1st period - Shot Misses the Net.
12:35 of 1st period - Slapshot by Seth Jones.
12:35 of 1st period - Deflect By Nick Schmaltz.
12:35 of 1st period - Deflect By Andreas Athanasiou.
12:35 of 1st period - Shot Misses the Net.
12:35 of 1st period - Puck is out of play.
12:36 of 1st period - Jonathan Toews wins face-off versus Devin Shore in Bruins zone.
13:11 of 1st period - Wrist shot by Mark Stone.
13:11 of 1st period - Stopped by Carey Price without a rebound.
13:12 of 1st period - Nathan MacKinnon wins face-off versus Jonathan Toews in Blues zone.
13:27 of 1st period - Wrist shot by Nikolaj Ehlers.
13:27 of 1st period - Stopped by Kevin Poulin with a rebound.
13:32 of 1st period - Minor Penalty to Josh Morrissey for Goalie Interference.
13:33 of 1st period - Jonathan Toews wins face-off versus Drew Shore in Blues zone.
15:32 of 1st period - Penalty to Josh Morrissey is over, Josh Morrissey is back on ice.
15:44 of 1st period - Filip Forsberg is hit by Casey Cizikas and loses puck.
16:36 of 1st period - Minor Penalty to Nikolaj Ehlers for Tripping.
16:37 of 1st period - Drew Shore wins face-off versus Jonathan Toews in Blues zone.
18:29 of 1st period - Gabriel Landeskog is hit by Adam Henrique and loses puck.
18:36 of 1st period - Penalty to Nikolaj Ehlers is over, Nikolaj Ehlers is back on ice.
19:16 of 1st period - Adam Pelech is hit by Drew Shore and loses puck.
19:41 of 1st period - John Quenneville is hit by Cody Ceci and loses puck.
Goals for this period are 0 for Bruins vs 1 for Blues.
Shots for this period are 6 for Bruins vs 8 for Blues.
2nd period
0:01 of 2nd period - Nathan MacKinnon wins face-off versus Jonathan Toews in neutral zone.
0:06 of 2nd period - Snap shot by Filip Forsberg.
0:06 of 2nd period - Shot Misses the Net.
0:10 of 2nd period - Snap shot by Nikolaj Ehlers.
0:10 of 2nd period - Shot Blocked by Madison Bowey.
0:12 of 2nd period - Slapshot by Nikolaj Ehlers.
0:12 of 2nd period - Shot Misses the Net.
0:14 of 2nd period - Snap shot by Filip Forsberg.
0:14 of 2nd period - Deflect By Nikolaj Ehlers.
0:14 of 2nd period - Shot Misses the Net.
0:14 of 2nd period - Puck is out of play.
0:15 of 2nd period - Alexander Wennberg wins face-off versus Devin Shore in Bruins zone.
0:22 of 2nd period - Snap shot by Mark Stone.
0:22 of 2nd period - Stopped by Carey Price with a rebound.
0:24 of 2nd period - Slapshot by Alexander Wennberg.
0:24 of 2nd period - Shot Misses the Net.
0:26 of 2nd period - Slapshot by Madison Bowey.
0:26 of 2nd period - Deflect By Wojtek Wolski.
0:26 of 2nd period - Shot Blocked by Seth Jones.
0:26 of 2nd period - Puck is out of play.
0:27 of 2nd period - Jonathan Toews wins face-off versus Nathan MacKinnon in Blues zone.
0:32 of 2nd period - Wrist shot by Gabriel Landeskog.
0:32 of 2nd period - Stopped by Carey Price with a rebound.
1:07 of 2nd period - Seth Jones is hit by Wojtek Wolski and loses puck.
1:44 of 2nd period - Wrist shot by Dominik Simon.
1:44 of 2nd period - Shot Misses the Net.
2:43 of 2nd period - Wrist shot by Casey Cizikas.
2:43 of 2nd period - Stopped by Carey Price without a rebound.
2:44 of 2nd period - Nathan MacKinnon wins face-off versus Alexander Wennberg in Blues zone.
3:01 of 2nd period - Wrist shot by Nathan MacKinnon.
3:01 of 2nd period - Shot Misses the Net.
3:21 of 2nd period - Jason Demers is hit by Jujhar Khaira and loses puck.
3:36 of 2nd period - Wrist shot by Adam Henrique.
3:36 of 2nd period - Shot Misses the Net.
3:38 of 2nd period - Snap shot by Nick Schmaltz.
3:38 of 2nd period - Shot Misses the Net.
3:40 of 2nd period - Snap shot by Nick Schmaltz.
3:40 of 2nd period - Shot Misses the Net.
3:42 of 2nd period - Wrist shot by Adam Henrique.
3:42 of 2nd period - Shot Blocked by Eric Wellwood.
3:52 of 2nd period - Minor Penalty to Jason Demers for Holding.
3:53 of 2nd period - Gabriel Landeskog wins face-off versus Nathan MacKinnon in Bruins zone.
4:02 of 2nd period - Josh Manson is hit by Seth Jones and loses puck.
5:52 of 2nd period - Penalty to Jason Demers is over, Jason Demers is back on ice.
6:08 of 2nd period - Wrist shot by Wojtek Wolski.
6:08 of 2nd period - Stopped by Carey Price with a rebound.
6:47 of 2nd period - Icing by John Quenneville.
6:48 of 2nd period - Drew Shore wins face-off versus Jonathan Toews in Bruins zone.
7:09 of 2nd period - Josh Manson is hit by Filip Forsberg and loses puck.
8:30 of 2nd period - Eric Wellwood is hit by Cody Ceci.
9:05 of 2nd period - Snap shot by Dominik Simon.
9:05 of 2nd period - Shot Blocked by Brett Pesce.
9:07 of 2nd period - Snap shot by Drew Shore.
9:07 of 2nd period - Stopped by Kevin Poulin with a rebound.
9:42 of 2nd period - Seth Jones is hit by John Quenneville.
10:40 of 2nd period - Mattias Ekholm is hit by Drew Shore.
10:44 of 2nd period - Adam Pelech is hit by Dominik Simon and loses puck.
10:51 of 2nd period - Minor Penalty to Jonathan Toews for Tripping.
10:52 of 2nd period - Nathan MacKinnon wins face-off versus Gabriel Landeskog in Bruins zone.
12:51 of 2nd period - Penalty to Jonathan Toews is over, Jonathan Toews is back on ice.
12:56 of 2nd period - Teuvo Teravainen is hit by Mark Stone.
13:06 of 2nd period - Seth Jones is hit by Adam Pelech and loses puck.
13:43 of 2nd period - Eric Wellwood is hit by Josh Morrissey.
13:59 of 2nd period - Cody Ceci is hit by Jonathan Toews.
15:08 of 2nd period - Adam Pelech is hit by Ethan Bear and loses puck.
15:40 of 2nd period - Icing by Gabriel Landeskog.
15:41 of 2nd period - Nathan MacKinnon wins face-off versus Jonathan Toews in Bruins zone.
15:42 of 2nd period - Snap shot by Nikolaj Ehlers.
15:42 of 2nd period - Stopped by Kevin Poulin without a rebound.
15:43 of 2nd period - Nathan MacKinnon wins face-off versus Alexander Wennberg in Bruins zone.
16:00 of 2nd period - Wrist shot by Filip Forsberg.
16:00 of 2nd period - Deflect By Nikolaj Ehlers.
16:00 of 2nd period - Shot Blocked by Josh Manson.
16:00 of 2nd period - Puck is out of play.
16:01 of 2nd period - Jonathan Toews wins face-off versus Devin Shore in Bruins zone.
16:01 of 2nd period - Gabriel Landeskog is hit by Jujhar Khaira and loses puck.
16:19 of 2nd period - Jason Demers is hit by Brandon Montour and loses puck.
16:41 of 2nd period - Slapshot by Brandon Montour.
16:41 of 2nd period - Stopped by Kevin Poulin with a rebound.
16:43 of 2nd period - Slapshot by Josh Morrissey.
16:43 of 2nd period - Stopped by Kevin Poulin with a rebound.
16:45 of 2nd period - Slapshot by Jujhar Khaira.
16:45 of 2nd period - Shot Blocked by Eric Wellwood.
16:47 of 2nd period - Snap shot by Josh Morrissey.
16:47 of 2nd period - Shot Hit the Post.
16:49 of 2nd period - Slapshot by Jujhar Khaira.
16:49 of 2nd period - Shot Blocked by Jason Demers.
16:51 of 2nd period - Slapshot by Brandon Montour.
16:51 of 2nd period - Deflect By Teuvo Teravainen.
16:51 of 2nd period - Shot Misses the Net.
16:51 of 2nd period - Puck is out of play.
16:52 of 2nd period - Nathan MacKinnon wins face-off versus Jonathan Toews in Bruins zone.
16:53 of 2nd period - Snap shot by Filip Forsberg.
16:53 of 2nd period - Shot Misses the Net.
16:55 of 2nd period - Slapshot by Cody Ceci.
16:55 of 2nd period - Shot Hit the Post.
16:57 of 2nd period - Snap shot by Nathan MacKinnon.
16:57 of 2nd period - Shot Blocked by Jonathan Toews.
17:07 of 2nd period - Slapshot by Filip Forsberg.
17:07 of 2nd period - Shot Hit the Post.
17:09 of 2nd period - Wrist shot by Filip Forsberg.
17:09 of 2nd period - Shot Misses the Net.
17:48 of 2nd period - Wrist shot by Casey Cizikas.
17:48 of 2nd period - Deflect By Eric Wellwood.
17:48 of 2nd period - Shot Misses the Net.
17:48 of 2nd period - Puck is out of play.
17:49 of 2nd period - Nathan MacKinnon wins face-off versus Jonathan Toews in Blues zone.
17:51 of 2nd period - Minor Penalty to Nathan MacKinnon for Hooking.
17:52 of 2nd period - Drew Shore wins face-off versus Zack Kassian in Blues zone.
18:06 of 2nd period - Snap shot by Zack Kassian.
18:06 of 2nd period - Shot Misses the Net.
18:08 of 2nd period - Slapshot by Madison Bowey.
18:08 of 2nd period - Stopped by Carey Price without a rebound.
18:09 of 2nd period - Drew Shore wins face-off versus Jonathan Toews in Blues zone.
18:35 of 2nd period - Icing by Jason Demers.
18:36 of 2nd period - Alexander Wennberg wins face-off versus Devin Shore in Bruins zone.
18:46 of 2nd period - Off-side.
18:47 of 2nd period - Drew Shore wins face-off versus Jonathan Toews in neutral zone.
18:52 of 2nd period - Wrist shot by Nick Schmaltz.
18:52 of 2nd period - Shot Misses the Net.
19:12 of 2nd period - Cody Ceci is hit by Jason Demers.
19:24 of 2nd period - Wrist shot by Wojtek Wolski.
19:24 of 2nd period - Deflect By Mark Stone.
19:24 of 2nd period - Shot Hit the Post.
19:24 of 2nd period - Puck is out of play.
19:25 of 2nd period - Devin Shore wins face-off versus Jonathan Toews in Blues zone.
19:51 of 2nd period - Penalty to Nathan MacKinnon is over, Nathan MacKinnon is back on ice.
19:57 of 2nd period - Slapshot by Alexander Wennberg.
19:57 of 2nd period - Shot Blocked by Nathan MacKinnon.
19:59 of 2nd period - Slapshot by Wojtek Wolski.
19:59 of 2nd period - Stopped by Carey Price without a rebound.
Goals for this period are 0 for Bruins vs 0 for Blues.
Shots for this period are 6 for Bruins vs 4 for Blues.
3rd period
0:01 of 3rd period - Nathan MacKinnon wins face-off versus Jonathan Toews in neutral zone.
0:08 of 3rd period - Wrist shot by Filip Forsberg.
0:08 of 3rd period - Stopped by Kevin Poulin with a rebound.
0:10 of 3rd period - Snap shot by Nikolaj Ehlers.
0:10 of 3rd period - Blues goal is going for a video replay.
0:10 of 3rd period - The goal is good.
0:10 of 3rd period - Goal by Nikolaj Ehlers - Bruins : 0 - Blues : 2.
0:11 of 3rd period - Nathan MacKinnon wins face-off versus Jonathan Toews in neutral zone.
0:15 of 3rd period - Icing by Jonathan Toews.
0:16 of 3rd period - Nathan MacKinnon wins face-off versus Jonathan Toews in Bruins zone.
0:29 of 3rd period - Wrist shot by Filip Forsberg.
0:29 of 3rd period - Stopped by Kevin Poulin with a rebound.
0:31 of 3rd period - Snap shot by Nathan MacKinnon.
0:31 of 3rd period - Stopped by Kevin Poulin with a rebound.
0:49 of 3rd period - Wrist shot by Seth Jones.
0:49 of 3rd period - Stopped by Kevin Poulin with a rebound.
1:07 of 3rd period - Wrist shot by Alexander Wennberg.
1:07 of 3rd period - Shot Blocked by Brandon Montour.
1:09 of 3rd period - Slapshot by Madison Bowey.
1:09 of 3rd period - Shot Misses the Net.
1:11 of 3rd period - Snap shot by Jason Demers.
1:11 of 3rd period - Stopped by Carey Price with a rebound.
1:13 of 3rd period - Wrist shot by Jason Demers.
1:13 of 3rd period - Shot Misses the Net.
1:15 of 3rd period - Slapshot by Jason Demers.
1:15 of 3rd period - Stopped by Carey Price with a rebound.
1:17 of 3rd period - Slapshot by Jason Demers.
1:17 of 3rd period - Shot Misses the Net.
1:19 of 3rd period - Snap shot by Wojtek Wolski.
1:19 of 3rd period - Stopped by Carey Price without a rebound.
1:20 of 3rd period - Casey Cizikas wins face-off versus Nikolaj Ehlers in Blues zone.
1:23 of 3rd period - Slapshot by Casey Cizikas.
1:23 of 3rd period - Goal by Casey Cizikas - Bruins : 1 - Blues : 2.
1:24 of 3rd period - Nathan MacKinnon wins face-off versus Jonathan Toews in neutral zone.
1:32 of 3rd period - Minor Penalty to Torey Krug for Interference.
1:33 of 3rd period - Gabriel Landeskog wins face-off versus Nathan MacKinnon in Bruins zone.
2:19 of 3rd period - Snap shot by Alexander Wennberg.
2:19 of 3rd period - Shot Misses the Net.
2:46 of 3rd period - Icing by Ethan Bear.
2:47 of 3rd period - Nathan MacKinnon wins face-off versus Gabriel Landeskog in Blues zone.
2:54 of 3rd period - Wrist shot by David Perron.
2:54 of 3rd period - Stopped by Kevin Poulin without a rebound.
2:55 of 3rd period - Nikolaj Ehlers wins face-off versus Gabriel Landeskog in Bruins zone.
3:02 of 3rd period - Slapshot by Nikolaj Ehlers.
3:02 of 3rd period - Stopped by Kevin Poulin with a rebound.
3:10 of 3rd period - Snap shot by Adam Henrique.
3:10 of 3rd period - Stopped by Kevin Poulin with a rebound.
3:26 of 3rd period - Madison Bowey is hit by Ethan Bear and loses puck.
3:32 of 3rd period - Penalty to Torey Krug is over, Torey Krug is back on ice.
3:40 of 3rd period - Icing by Torey Krug.
3:41 of 3rd period - Andreas Athanasiou wins face-off versus Dominik Simon in Bruins zone.
3:48 of 3rd period - Brandon Montour is hit by Alexander Wennberg and loses puck.
3:57 of 3rd period - Snap shot by Mark Stone.
3:57 of 3rd period - Stopped by Carey Price with a rebound.
4:07 of 3rd period - Slapshot by Zack Kassian.
4:07 of 3rd period - Shot Misses the Net.
4:10 of 3rd period - Icing by Brandon Montour.
4:11 of 3rd period - Jonathan Toews wins face-off versus Drew Shore in Blues zone.
5:31 of 3rd period - Wrist shot by Drew Shore.
5:31 of 3rd period - Stopped by Kevin Poulin with a rebound.
5:33 of 3rd period - Snap shot by Josh Morrissey.
5:33 of 3rd period - Deflect By Drew Shore.
5:33 of 3rd period - Shot Misses the Net.
5:33 of 3rd period - Puck is out of play.
5:34 of 3rd period - Mark Stone wins face-off versus Nathan MacKinnon in Bruins zone.
5:43 of 3rd period - Snap shot by Alexander Wennberg.
5:43 of 3rd period - Shot Blocked by Nathan MacKinnon.
6:01 of 3rd period - Jason Demers is hit by Cody Ceci and loses puck.
6:34 of 3rd period - Wrist shot by Ethan Bear.
6:34 of 3rd period - Deflect By Adam Pelech.
6:34 of 3rd period - Stopped by Kevin Poulin with a rebound.
6:40 of 3rd period - John Quenneville is hit by Ethan Bear and loses puck.
7:13 of 3rd period - Mattias Ekholm is hit by Jujhar Khaira and loses puck.
7:20 of 3rd period - Wrist shot by Devin Shore.
7:20 of 3rd period - Stopped by Kevin Poulin with a rebound.
7:58 of 3rd period - Slapshot by Teuvo Teravainen.
7:58 of 3rd period - Shot Blocked by Torey Krug.
9:41 of 3rd period - Josh Manson is hit by Nick Schmaltz and loses puck.
10:06 of 3rd period - Andreas Athanasiou is hit by Jordan Kyrou and loses puck.
10:11 of 3rd period - Snap shot by Drew Shore.
10:11 of 3rd period - Shot Blocked by Andreas Athanasiou.
10:39 of 3rd period - Zack Kassian is hit by David Perron and loses puck.
12:05 of 3rd period - Wrist shot by John Quenneville.
12:05 of 3rd period - Deflect By Zemgus Girgensons.
12:05 of 3rd period - Shot Misses the Net.
12:05 of 3rd period - Puck is out of play.
12:06 of 3rd period - Devin Shore wins face-off versus Alexander Wennberg in Blues zone.
12:06 of 3rd period - Travis Sanheim is hit by Wojtek Wolski.
12:20 of 3rd period - Slapshot by Devin Shore.
12:20 of 3rd period - Shot Misses the Net.
12:34 of 3rd period - Minor Penalty to Travis Sanheim for Holding.
12:35 of 3rd period - Drew Shore wins face-off versus Zack Kassian in Blues zone.
12:44 of 3rd period - Slapshot by Madison Bowey.
12:44 of 3rd period - Deflect By Gabriel Landeskog.
12:44 of 3rd period - Shot Blocked by Drew Shore.
12:44 of 3rd period - Puck is out of play.
12:45 of 3rd period - Jonathan Toews wins face-off versus Drew Shore in Blues zone.
12:48 of 3rd period - Slapshot by Jonathan Toews.
12:48 of 3rd period - Deflect By Drew Shore.
12:48 of 3rd period - Shot Misses the Net.
12:48 of 3rd period - Puck is out of play.
12:49 of 3rd period - Drew Shore wins face-off versus Jonathan Toews in Blues zone.
13:30 of 3rd period - Wrist shot by Mark Stone.
13:30 of 3rd period - Deflect By Wojtek Wolski.
13:30 of 3rd period - Goal by Wojtek Wolski - Bruins : 2 - Blues : 2.
13:31 of 3rd period - Jonathan Toews wins face-off versus Filip Forsberg in neutral zone.
13:45 of 3rd period - Wrist shot by Zack Kassian.
13:45 of 3rd period - Stopped by Carey Price with a rebound.
14:22 of 3rd period - Slapshot by Dominik Simon.
14:22 of 3rd period - Shot Misses the Net.
14:26 of 3rd period - Wrist shot by Drew Shore.
14:26 of 3rd period - Goal by Drew Shore - Bruins : 2 - Blues : 3.
14:27 of 3rd period - Nathan MacKinnon wins face-off versus Jonathan Toews in neutral zone.
15:17 of 3rd period - Cody Ceci is hit by Casey Cizikas and loses puck.
15:28 of 3rd period - Snap shot by Casey Cizikas.
15:28 of 3rd period - Deflect By Eric Wellwood.
15:28 of 3rd period - Shot Misses the Net.
15:28 of 3rd period - Puck is out of play.
15:29 of 3rd period - Nathan MacKinnon wins face-off versus Jonathan Toews in Blues zone.
16:11 of 3rd period - Snap shot by Nathan MacKinnon.
16:11 of 3rd period - Stopped by Kevin Poulin with a rebound.
16:45 of 3rd period - Brandon Montour is hit by Gabriel Landeskog and loses puck.
17:08 of 3rd period - Wrist shot by Filip Forsberg.
17:08 of 3rd period - Stopped by Kevin Poulin with a rebound.
17:10 of 3rd period - Snap shot by Nathan MacKinnon.
17:10 of 3rd period - Shot Misses the Net.
17:30 of 3rd period - Wrist shot by Jonathan Toews.
17:30 of 3rd period - Shot Misses the Net.
18:02 of 3rd period - Snap shot by Nathan MacKinnon.
18:02 of 3rd period - Stopped by Kevin Poulin without a rebound.
18:03 of 3rd period - Casey Cizikas wins face-off versus Adam Henrique in Bruins zone.
18:30 of 3rd period - Mark Stone is hit by Devin Shore and loses puck.
18:59 of 3rd period - Jason Demers is hit by Teuvo Teravainen.
19:11 of 3rd period - Wrist shot by Seth Jones.
19:11 of 3rd period - Shot Misses the Net.
19:39 of 3rd period - Wrist shot by Jujhar Khaira.
19:39 of 3rd period - Stopped by Kevin Poulin with a rebound.
19:45 of 3rd period - Bruins, Kevin Poulin is pulled from the net.
19:45 of 3rd period - Wrist shot by Andreas Athanasiou.
19:45 of 3rd period - Shot Blocked by Cody Ceci.
19:47 of 3rd period - Slapshot by Eric Wellwood.
19:47 of 3rd period - Shot Blocked by Teuvo Teravainen.
19:49 of 3rd period - Slapshot by Casey Cizikas.
19:49 of 3rd period - Stopped by Carey Price without a rebound.
19:50 of 3rd period - Ron Wilson call a timeout for Bruins.
19:50 of 3rd period - Drew Shore wins face-off versus Eric Wellwood in Blues zone.
Goals for this period are 2 for Bruins vs 2 for Blues.
Shots for this period are 8 for Bruins vs 16 for Blues.